 Dungeon Crawl Stone Soup version 0.30-a0-652-gcc886f7154 (webtiles) character file.

Game seed: 15931572155135750955

35634 Strat the Carver (level 13, -9/113 HPs)
             Began as a Pale Draconian Reaver on Jan 17, 2023.
             Was a Follower of Ashenzari.
             Engulfed by an ice statue's freezing vapour (17 damage)
             ... in an ice cave.
             The game lasted 00:43:33 (20312 turns).

Strat the Carver (Pale Draconian Reaver)           Turns: 20312, Time: 00:43:33

Health: -9/113     AC: 19    Str: 15    XL:     13   Next: 48%
Magic:  21/23      EV: 16    Int: 15    God:    Ashenzari [*.....]
Gold:   1053       SH:  5    Dex: 13    Spells: 5/25 levels left

rFire   . . .      SeeInvis .    b - +3 scimitar (elec)
rCold   . . .      Faith    .    y - +0 buckler
rNeg    . . .      Spirit   .    (body armour unavailable)
rPois   +          Reflect  .    (helmet restricted)
rElec   .          Harm     .    d - +0 cloak
rCorr   .          Rampage  .    r - +2 pair of gloves of Apeoromancy {Elem, Comp} (curse)
Will    .....                    B - +2 pair of boots
Stlth   +                        (no amulet)
HPRegen 0.38/turn                h - ring of Ashenzari's Anxiety {AC+4, Fort, Bglg} (curse)
MPRegen 0.18/turn                G - ring of poison resistance

@: short of breath, on blink cooldown, slowed, very slow
A: breathe steam, AC +8, unfitting armour, cold-blooded, steam resistance
a: Breathe Steam, Renounce Religion, Curse Item, Shatter the Chains


You were in an ice cave.
You worshipped Ashenzari.
Ashenzari was aware of your devotion.
You visited 3 branches of the dungeon, and saw 17 of its levels.
You also visited: Ice Cave.

You collected 1053 gold pieces.

Inventory:

Hand Weapons
 a - a +5 heavy falchion
 b - a +3 scimitar of electrocution (weapon)
Missiles
 i - 43 poisoned darts
 A - a throwing net
Armour
 d - a +0 cloak (worn)
 r - the cursed +2 pair of gloves of Apeoromancy (worn) {Elem, Comp}
   (You found it on level 3 of the Dungeon)

   It has a curse which improves the following skills: Elements: Fire Magic, Ice
   Magic, Air Magic and Earth Magic.
   Companions: Summonings and Necromancy.
 y - a +0 buckler (worn)
 B - a +2 pair of boots (worn)
 M - a +0 tower shield of cold resistance
Jewellery
 h - the cursed ring of Ashenzari's Anxiety (left hand) {AC+4, Fort, Bglg}
   (You found it on level 2 of the Dungeon)

   [ring of protection]

   AC:        It affects your AC (+4).
   It has a curse which improves the following skills: Fortitude: Shields.
   Beguiling: Conjurations, Hexes and Translocations.
 p - a ring of magical power
 C - a ring of flight
 G - a ring of poison resistance (right hand)
 J - a ring of positive energy
Wands
 f - a wand of quicksilver (1)
 o - a wand of polymorph (4)
 v - a wand of flame (21)
 F - a wand of mindburst (9)
 I - a wand of roots (5)
Scrolls
 j - 3 scrolls of fear
 m - 12 scrolls of teleportation
 u - 2 scrolls of silence
 w - 2 scrolls of amnesia
 x - a scroll of fog
 D - 3 scrolls of magic mapping
 K - a scroll of brand weapon
 N - a scroll of enchant weapon
Potions
 c - 2 potions of invisibility
 e - 2 potions of attraction
 g - a potion of resistance
 k - a potion of degeneration
 l - 2 potions of lignification
 n - 2 potions of haste
 q - 10 potions of curing
 s - 4 potions of flight
 t - a potion of might
 z - 4 potions of heal wounds
 E - 2 potions of brilliance
 H - a potion of ambrosia
 L - a potion of cancellation


   Skills:
 - Level 10.0 Fighting
 - Level 14.0 Long Blades
 - Level 10.0 Dodging
 - Level 0.2 Stealth
 - Level 3.2(4.0) Shields
 + Level 6.9 Spellcasting
 - Level 4.0(4.8) Conjurations
 - Level 6.1(7.0) Summonings
 - Level 1.0(1.5) Necromancy
 - Level 4.2(5.0) Translocations
 - Level 4.3(5.1) Ice Magic
 + Level 5.9(6.8) Air Magic


You had 5 spell levels left.
You knew the following spells:

 Your Spells              Type           Power      Damage    Failure   Level
a - Kiss of Death         Conj/Necr      56%        2d9       4%          1
b - Momentum Strike       Conj/Tloc      38%        3d9       3%          2
c - Apportation           Tloc           40%        N/A       2%          1
d - Swiftness             Air            25%        N/A       3%          3
e - Blink                 Tloc           40%        N/A       3%          2
f - Frozen Ramparts       Ice            40%        1d7       6%          3
g - Summon Forest         Summ/Tloc      11%        N/A       36%         5
h - Vhi's Electric Charg  Tloc/Air       44%        N/A       4%          3

Your spell library contained the following spells:

 Spells                   Type           Power      Damage    Failure   Level
 Freeze                   Ice            80%        1d9       1%          1
 Summon Small Mammal      Summ           100%       N/A       1%          1
 Foxfire                  Conj/Fire      48%        2x1d6     6%          1
 Poisonous Vapours        Pois/Air       30%        N/A       6%          2
 Gell's Gravitas          Tloc           20%        N/A       6%          3
 Hailstorm                Conj/Ice       20%        3d6       7%          3
 Cigotuvi's Dreadful Rot  Necr/Pois/Air  26%        N/A       9%          2
 Ensorcelled Hibernation  Hex/Ice        26%        N/A       9%          2
 Necrotise                Necr           36%        1d5       10%         1
 Mephitic Cloud           Conj/Pois/Air  16%        N/A       11%         3
 Portal Projectile        Hex/Tloc       24%        N/A       19%         3
 Passwall                 Tmut/Erth      4%         N/A       26%         2
 Arcjolt                  Conj/Air       11%        1d21      41%         5
 Tukima's Dance           Hex            5%         N/A       45%         3
 Ice Form                 Ice/Tmut       12%        N/A       52%         4
 Fireball                 Conj/Fire      6%         3d5       86%         5
 Borgnjor's Vile Clutch   Necr/Erth      3%         N/A       98%         5
 Alistair's Intoxication  Tmut/Pois      3%         N/A       99%         5
 Blade Hands              Tmut           2%         N/A       99%         5
 Eringya's Noxious Bog    Tmut/Pois      2%         N/A       100%        6
 Iron Shot                Conj/Erth      6%         9d2       100%        6
 Simulacrum               Ice/Necr       7%         N/A       100%        6
 Starburst                Conj/Fire      6%         6d4       100%        6
 Malign Gateway           Summ/Tloc      11%        N/A       100%        7
 Maxwell's Capacitive Co  Air            12%        ∞         100%        8
 Animate Armour           Summ/Erth      Unusable   N/A       N/A         4

Dungeon Overview and Level Annotations

Branches:
Dungeon (12/15)            Temple (1/1) D:4            Lair (4/5) D:10
  Swamp (0/4) Lair:3        Snake (0/4) Lair:2          Orc (0/2) D:9
  IceCv (1/1)
  Slime: Lair:4-5

Altars:
Ashenzari
Cheibriados
Dithmenos
Elyvilon
Fedhas
Gozag
Hepliaklqana
Kikubaaqudgha
Makhleb
Nemelex Xobeh
Okawaru
Qazlal
Ru
Sif Muna
Trog
Uskayaw
Vehumet
Wu Jian
Xom
Yredelemnul
Zin
The Shining One

Shops:
D:3 [

Annotations:
D:10 2 runed translucent doors
D:12 Maurice
Lair:2 1 runed translucent door, Urubidymn's ghost, journeyman AtAE
Lair:3 2 runed translucent doors, CowFu's ghost, journeyman MiFi IceCv exclusion: ice statue


Innate Abilities, Weirdness & Mutations

You can breathe blasts of scalding, opaque steam.
Your pale cyan-grey scales are hard. (AC +8)
You cannot fit into any form of body armour.
You are cold-blooded and may be slowed by cold attacks.
You are immune to the effects of steam.


Message History

Found a +0 trident.
N - a scroll of enchant weapon
Found a scroll of noise.
You now have 1053 gold pieces (gained 19).
You see here a scroll of noise.
An ice statue comes into view.
Marking area around an ice statue as unsafe for travelling.
Aiming: Breathe Steam (1% risk of failure)
Press: ? - help, Shift-Dir - straight line, f - ice statue
Aim: an ice statue (unaware, hasn't noticed you, 100% to hit)
You exhale a blast of scalding steam.
The ice statue gestures at you. The freezing blast engulfs you!
You are engulfed in freezing vapours.
The ice statue gestures at you. The freezing blast misses you.
You hit the ice statue.
The ice statue is moderately damaged.
You are engulfed in freezing vapours.
The ice statue gestures at you. The shard of ice hits you!!
* * * LOW HITPOINT WARNING * * *
You slash the ice statue!
The ice statue is heavily damaged.
You are engulfed in freezing vapours.
You feel yourself slow down.
* * * LOW HITPOINT WARNING * * *
You feel much better.
You are engulfed in freezing vapours.
You feel as though you will be slow longer.
* * * LOW HITPOINT WARNING * * *
The ice statue gestures at you. The freezing blast engulfs you!!
* * * LOW HITPOINT WARNING * * *
The ice statue gestures at you. The bolt of cold hits you!
* * * LOW HITPOINT WARNING * * *
Okay, then.
Casting: Frozen Ramparts (mildly dangerous; 6% risk of failure)
Confirm with . or Enter, or press ? or * to list all spells.
You blink.
You are engulfed in freezing vapours.
You die...

##########
###...##...#######
####°..##...##...#..#
##○°°☼@##########..#
# #○○8°°## #..#####
#.○°°.## ###..#..
#.##○.. ###..# ..
##○.. #### # ###..
##. ##


You could see an ice statue.

Vanquished Creatures
  2 boulder beetles
  A two-headed ogre (D:10)
  3 death yaks
  Amaemon (D:9)
  2 cyclopes (D:11)
  An ugly thing (D:12)
  4 black mambas
  An orange demon (D:9)
  7 cane toads
  An unseen horror (D:12)
  A torpor snail (Lair:1)
  8 komodo dragons
  A rime drake (Lair:1)
  2 unseen horror zombies (D:8)
  3 trolls
  6 polar bears
  A meliai (shapeshifter) (D:10)
  2 hornets
  A meliai zombie (D:11)
  3 shadows
  2 wyverns
  2 basilisks (Lair:1)
  3 wraiths
  49 yaks
  An unseen horror simulacrum (D:8)
  A steam dragon (D:10)
  A death yak simulacrum (IceCv)
  7 water moccasins
  3 nagas (Lair:2)
  An acid dragon (D:10)
  2 orc warriors
  4 ice beasts
  7 black bears
  2 sky beasts
  6 centaurs
  14 wolves
  A phantom (D:5)
  2 ogres
  3 kobold brigands
  8 bullfrogs
  2 necrophages (D:8)
  2 gnoll sergeants
  2 cane toad simulacra (IceCv)
  4 two-headed ogre simulacra (IceCv)
  3 scorpions
  6 wights
  9 killer bees
  7 electric eels
  4 howler monkeys
  13 centaur zombies
  A gnoll bouda (D:8)
  A hound (D:7)
  7 orc priests
  A human zombie (D:8)
  Terence (D:2)
  2 iguanas
  Natasha (thrice) (D:2)
  16 orc wizards
  7 spriggan simulacra (IceCv)
  2 troll simulacra (IceCv)
  A wolf simulacrum (IceCv)
  A killer bee zombie (D:8)
  A centaur simulacrum (D:8)
  A mummy (D:8)
  2 howler monkey zombies
  A killer bee simulacrum (D:8)
  Robin (D:2)
  10 gnolls (D:8)
  6 naga simulacra (IceCv)
  9 adders
  2 shadow imps
  24 white imps
  2 howler monkey simulacra (D:9)
  8 ufetubi
  A worm (D:7)
  A dart slug (D:1)
  58 orcs
  14 ball pythons
  6 bats
  7 endoplasms
  3 giant cockroaches
  12 goblins
  9 hobgoblins
  8 jackals
  20 kobolds
  2 quokkas (D:1)
  6 frilled lizards
  9 rats
488 creatures vanquished.

Vanquished Creatures (others)
  A water elemental (D:10)
  2 hobgoblins (D:3)
  6 fungi
  73 plants
82 creatures vanquished.

Grand Total: 570 creatures vanquished

Notes
Turn   | Place    | Note
-------+----------+-------------------------------------------
     0 | D:1      | Strat the Draconian Reaver began the quest for the Orb.
     0 | D:1      | Reached XP level 1. HP: 17/17 MP: 3/3
   109 | D:1      | Reached XP level 2. HP: 15/24 MP: 5/5
   147 | D:1      | Learned a level 2 spell: Momentum Strike
   248 | D:1      | Reached skill level 4 in Long Blades
   977 | D:2      | Reached XP level 3. HP: 29/29 MP: 6/6
  1104 | D:2      | Noticed Terence
  1445 | D:2      | Noticed Natasha
  1466 | D:2      | Killed Natasha
  1467 | D:2      | Reached skill level 5 in Long Blades
  1467 | D:2      | Reached XP level 4. HP: 25/35 MP: 5/7
  1566 | D:2      | Killed Terence
  1740 | D:2      | Noticed Natasha
  1749 | D:2      | Killed Natasha
  2089 | D:2      | Reached XP level 5. HP: 45/45 MP: 8/8
  2093 | D:2      | Learned a level 1 spell: Apportation
  2146 | D:2      | Noticed Robin
  2196 | D:2      | Killed Robin
  2218 | D:2      | Noticed Natasha
  2228 | D:2      | Killed Natasha
  2229 | D:2      | Reached skill level 1 in Necromancy
  2229 | D:2      | Reached skill level 1 in Translocations
  2448 | D:3      | Found an opulent altar of Gozag.
  2523 | D:3      | Found Edoymmur's Antique Armour Shop.
  2886 | D:3      | Found a hide-covered altar of Uskayaw.
  2947 | D:3      | Reached XP level 6. HP: 46/51 MP: 9/9
  3007 | D:3      | Found a shimmering altar of Xom.
  3650 | D:4      | Noticed Sigmund
  3652 | D:4      | Sigmund changed into Sigmund the iguana
  3652 | D:4      | Noticed Sigmund
  3655 | D:4      | Killed Sigmund the iguana
  3656 | D:4      | Reached skill level 6 in Long Blades
  3689 | D:4      | Found a sparkling altar of Nemelex Xobeh.
  3784 | D:4      | Found a staircase to the Ecumenical Temple.
  3820 | Temple   | Entered the Ecumenical Temple
  3861 | Temple   | Became a worshipper of Ashenzari the Shackled
  4460 | D:5      | Entered Level 5 of the Dungeon
  4575 | D:5      | Noticed a yak
  4597 | D:5      | Reached skill level 7 in Long Blades
  4597 | D:5      | Your scales start taking on a pale cyan-grey colour.
  4597 | D:5      | Reached XP level 7. HP: 55/57 MP: 7/10
  4597 | D:5      | Gained mutation: You are immune to the effects of steam.
                  | [Pale Draconian growth]
  4605 | D:5      | Learned a level 3 spell: Swiftness
  4885 | D:5      | Found a shadowy altar of Dithmenos.
  5010 | D:5      | Killed a yak
  5433 | D:5      | Reached XP level 8. HP: 48/66 MP: 11/11
  5521 | D:5      | Reached skill level 5 in Fighting
  5689 | D:6      | Reached skill level 8 in Long Blades
  5850 | D:6      | Identified a scroll of acquirement
  5850 | D:6      | Acquired the Disquisition on the Blink Frog
  5855 | D:6      | Learned a level 2 spell: Blink
  6210 | D:6      | Reached * piety under Ashenzari
  6790 | D:7      | Reached skill level 5 in Dodging
  6945 | D:7      | Reached skill level 9 in Long Blades
  7377 | D:7      | Reached XP level 9. HP: 48/74 MP: 12/12
  7991 | D:7      | Learned a level 3 spell: Frozen Ramparts
  8061 | D:8      | Reached skill level 1 in Ice Magic
  8409 | D:8      | Noticed a polar bear
  8438 | D:8      | Reached skill level 10 in Long Blades
  8438 | D:8      | Reached skill level 1 in Shields
  8440 | D:8      | Killed a polar bear
  9050 | D:8      | Noticed a polar bear
  9264 | D:8      | Reached XP level 10. HP: 66/83 MP: 13/13
  9447 | D:8      | Found an ancient bone altar of Kikubaaqudgha.
  9888 | D:9      | Found a staircase to the Orcish Mines.
 10150 | D:9      | Noticed a death yak
 10183 | D:9      | Killed a death yak
 10184 | D:9      | Reached skill level 11 in Long Blades
 10517 | D:9      | Found an ornate altar of the Wu Jian Council.
 10517 | D:9      | Noticed Amaemon
 10517 | D:9      | Noticed an orange demon
 10927 | D:9      | Reached XP level 11. HP: 81/82 MP: 14/14
 11074 | D:9      | Killed Amaemon
 11328 | D:10     | Entered Level 10 of the Dungeon
 11496 | D:10     | Found a burning altar of Makhleb.
 11496 | D:10     | Found a white marble altar of Elyvilon.
 11498 | D:10     | Found a snail-covered altar of Cheibriados.
 11537 | D:10     | Found a staircase to the Lair.
 11767 | D:10     | Noticed a two-headed ogre
 12147 | D:10     | Killed a two-headed ogre
 12148 | D:10     | Reached skill level 12 in Long Blades
 12730 | D:10     | Found a large runed translucent door.
 12731 | D:10     | Found a large runed translucent door.
 12878 | D:10     | Found a shimmering blue altar of Sif Muna.
 12878 | D:10     | Found a basalt altar of Yredelemnul.
 12879 | D:10     | Found an iron altar of Okawaru.
 13148 | D:11     | Reached skill level 10 in Fighting
 13332 | D:11     | Noticed a boulder beetle
 13368 | D:11     | Killed a boulder beetle
 13745 | D:11     | Reached XP level 12. HP: 100/106 MP: 15/15
 13777 | D:11     | Reached skill level 13 in Long Blades
 13785 | D:11     | Reached skill level 10 in Dodging
 13799 | D:11     | Found a basalt altar of Yredelemnul.
 13923 | D:11     | Reached skill level 14 in Long Blades
 14127 | D:11     | Reached skill level 1 in Air Magic
 14728 | D:12     | Noticed Maurice
 15081 | D:12     | Noticed a boulder beetle
 15209 | Lair:1   | Entered Level 1 of the Lair of Beasts
 15218 | Lair:1   | Learned a level 5 spell: Summon Forest
 15295 | Lair:1   | Reached skill level 1 in Summonings
 15601 | Lair:1   | Reached skill level 5 in Spellcasting
 15943 | Lair:1   | Noticed a death yak
 15943 | Lair:1   | Noticed a death yak
 16185 | Lair:1   | Killed a death yak
 16186 | Lair:1   | Reached XP level 13. HP: 82/113 MP: 17/21
 16780 | Lair:2   | Learned a level 3 spell: Vhi's Electric Charge
 16945 | Lair:2   | Found a staircase to the Snake Pit.
 17059 | Lair:2   | Found a runed translucent door.
 17061 | Lair:2   | Noticed Urubidymn's ghost (journeyman AtAE)
 17117 | Lair:2   | Identified the +4 glaive "Cosuroan" {drain, Will+ Int+2}
 17222 | Lair:2   | Reached skill level 5 in Summonings
 18194 | Lair:3   | Found a staircase to the Swamp.
 18555 | Lair:3   | Reached skill level 5 in Air Magic
 19235 | Lair:3   | Found a large runed translucent door.
 19235 | Lair:3   | Found a large runed translucent door.
 19247 | Lair:3   | Noticed CowFu's ghost (journeyman MiFi)
 19628 | Lair:4   | Found a frozen archway.
 19667 | IceCv    | Entered an ice cave
 20312 | IceCv    | Engulfed by an ice statue's freezing vapour

Illustrated notes

Levels and vault maps discovered:
D:1:      matt_arrival_grand_opening, layout_basic, minmay_door_square,
          minmay_misc_feat_tower, dk_noncrumbling_2
D:2:      layout_loops_corners, kennysheep_generic_room_9, uniq_terence,
          uniq_natasha, uniq_robin
D:3:      layout_basic, grunt_gozag_breadcrumbs,
          nicolae_uskayaw_murder_on_the_dancefloor, xom_confusion_cloud,
          serial_shops, nicolae_shop_advertising_works
          [nicolae_subvault_shop_adworks], corexii_hall_statues_u,
          minmay_cut_off
D:4:      layout_cave_pods, nemelex_spade_bored_becter,
          minmay_temple_entry_large_hall, uniq_sigmund
D:5:      minmay_chambers_of_fours, layout_rooms,
          nicolae_dithmenos_shadow_blocks, kennysheep_generic_room_16
D:6:      layout_layer_cave
D:7:      layout_gridville, serial_park_tiny_2, serial_bayou_lagoon_a
D:8:      layout_basic, lemuel_mausoleum_altar_kikubaaqudgha, serial_ice,
          serial_ice_b, serial_ice_d, serial_ice_g, serial_ice_k
D:9:      layout_cross, nzn_wu_jian_council_hall, orc_0_dummy, serial_ice,
          serial_ice_g, serial_ice_m, serial_ice_n, serial_ice_b, serial_ice_a,
          serial_ice_o, uniq_amaemon
D:10:     cheibrodos_barr_body, layout_basic, minitemple,
          chequers_temple_overflow_statue_of_worship, grunt_ministairs_15,
          hangedman_abyss_or_decor_stabs, lightli_elemental_guards
D:11:     layout_loops_corners, nicolae_yredelemnul_corpse_copse
D:12:     layout_irregular_city, uniq_maurice
Temple:   chequers_temple_sunken
Lair:1:   layout_regular_city, serial_bayou, serial_bayou_lake_a,
          serial_bayou_crossing, serial_bayou_pond_c, serial_bayou_pond_b,
          pdpol_lair_cavern_descent
Lair:2:   layout_long_grid, nicolae_snake_entry_squirm,
          ebering_ghost_inner_flame, minivault_26, gammafunk_lair_bear_cave
Lair:3:   layout_cave_pods, swamp_mist_pool, ebering_ghost_disaster_area,
          beast_lair_carwin_3
Lair:4:   layout_loops_ring, portal_ice_cave_entry_imps, grunt_megastairs_2
IceCv:    ice_cave_caverns_01

Skill      XL: |  1  2  3  4  5  6  7  8  9 10 11 12 13 |
---------------+----------------------------------------+-----
Long Blades    | 4 5 7 9 10 11 12 14 | 14.0
Fighting       | 3 4 5 8 10 | 10.0
Necromancy     | 1 |  1.0
Translocations | 1 3 4 |  4.2
Conjurations   | 4 |  4.0
Dodging        | 3 5 6 8 9 10 | 10.0
Ice Magic      | 4 |  4.3
Shields        | 3 |  3.2
Air Magic      | 4 5 |  5.9
Spellcasting   | 5 6 |  6.9
Summonings     | 3 6 |  6.1
Stealth        | |  0.2

Action                   |  1- 3 |  4- 6 |  7- 9 | 10-12 | 13-15 || total
-------------------------+-------+-------+-------+-------+-------++-------
Melee: Falchion          |   139 |   163 |   287 |   208 |       ||   797
       Tailslap          |    12 |    12 |    28 |   141 |    66 ||   259
       Punch             |       |     1 |     2 |       |       ||     3
       Scimitar          |       |       |       |   576 |   347 ||   923
 Cast: Kiss of Death     |     1 |     1 |     5 |     4 |       ||    11
       Momentum Strike   |       |     6 |     4 |     4 |     1 ||    15
       Frozen Ramparts   |       |       |       |     8 |    13 ||    21
       Vhi's Electric Ch |       |       |       |       |     3 ||     3
       Blink             |       |       |       |       |     1 ||     1
Invok: Curse Item        |       |       |     2 |       |       ||     2
 Abil: Breathe Steam     |       |       |     8 |    17 |     6 ||    31
Evoke: Wand              |       |     1 |     2 |     1 |       ||     4
  Use: Scroll            |     3 |    10 |     5 |     5 |     2 ||    25
       Potion            |       |       |     2 |     3 |     1 ||     6
 Stab: Sleeping          |     3 |       |     1 |     1 |     1 ||     6
       Confused          |       |     1 |       |       |       ||     1
       Distracted        |       |       |       |       |     1 ||     1
Armor: Skin              |    60 |    89 |   167 |   370 |   114 ||   800
Dodge: Dodged            |   100 |   122 |   247 |   571 |   239 ||  1279
Block: Buckler           |       |       |    19 |   182 |    66 ||   267

Table legend: (Time is in decaauts)
 A = Elapsed time spent in this place.
 B = Non-inter-level travel time spent in this place.
 C = Inter-level travel time spent in this place.
 D = Time resting spent in this place.
 E = Time spent auto-exploring this place.
 F = Levels seen in this place.
 G = Mean time per level.
                   A        B        C        D        E       F      G
               +--------+--------+--------+--------+--------+-----+--------+
         Total |  20382 |  19605 |    777 |   2345 |  12650 |  18 | 1132.3 |
       Dungeon |  15294 |  14654 |    640 |   1963 |   9022 |  12 | 1274.5 |
        Temple |     64 |     46 |     18 |     14 |     22 |   1 |   64.0 |
          Lair |   4397 |   4279 |    118 |    258 |   3277 |   4 | 1099.2 |
      Ice Cave |    626 |    626 |      0 |    109 |    328 |   1 |  626.0 |
               +--------+--------+--------+--------+--------+-----+--------+

Top non-repeatable levels by time:
     D:8: 2103 daAuts
     D:9: 1556 daAuts
    D:11: 1543 daAuts
  Lair:1: 1522 daAuts
  Lair:3: 1476 daAuts
    D:10: 1404 daAuts
     D:7: 1379 daAuts
     D:2: 1319 daAuts
  Lair:2: 1193 daAuts
     D:5: 1143 daAuts
     D:3: 1120 daAuts
     D:6: 1119 daAuts
     D:4: 1043 daAuts
     D:1: 1018 daAuts
   IceCv: 626 daAuts
